 Dungeon Crawl Stone Soup version 0.31.0-1-g2c135a0 (webtiles) character file.

Game seed: 8990538096339431647

21 Darkstone the Shield-Bearer (level 2, 27/27 HPs)
             Began as a Minotaur Fighter on Mar 23, 2024.
             Quit the game on level 1 of the Dungeon.
             The game lasted 00:12:17 (1012 turns).

Darkstone the Shield-Bearer (Minotaur Fighter)      Turns: 1012, Time: 00:12:18

Health: 27/27      AC:  7    Str: 20    XL:     2   Next: 65%
Magic:  1/1        EV:  9    Int:  5    God:
Gold:   42         SH:  4    Dex:  9    Spells: 1/1 levels left

rFire   . . .        a - +0 war axe
rCold   . . .        c - +0 buckler
rNeg    . . .        b - +0 scale mail
rPois   .            (helmet restricted)
rElec   .            (no cloak)
rCorr   .            (no gloves)
SInv    .            (no boots)
Will    .....        (no amulet) Stlth
                     (no ring)
HPRegen 0.24/turn    (no ring)
MPRegen 0.07/turn

%: no passive effects
@: no status effects
A: horns 2, retaliatory headbutt
a: no special abilities


You were on level 1 of the Dungeon.
You visited 1 branch of the dungeon, and saw 1 of its levels.

You collected 42 gold pieces.


Innate Abilities, Weirdness & Mutations

You have a pair of horns on your head.
You reflexively headbutt those who attack you in melee.


   Skills:
 + Level 3.8 Fighting
 * Level 3.0 Axes
 + Level 3.8 Armour
 + Level 0.7 Dodging
 + Level 3.9 Shields


You had one spell level left.
You didn't know any spells.
Your spell library was empty.

Inventory:

Hand Weapons
 a - a +0 war axe (weapon)
Armour
 b - a +0 scale mail (worn)
 c - a +0 buckler (worn)
 f - a +0 hat
   (You found it on level 1 of the Dungeon)
Scrolls
 e - a scroll of amnesia {unknown}
 h - a scroll of identify {unknown}
Potions
 d - a potion of might
 g - a potion of curing {unknown}

Dungeon Overview and Level Annotations

Branches:
Dungeon (1/15) Zot: 4966

Altars:

###################
##########.........[........
#..........####.#........##.
#.########## #....##.##.##.
##.#####.## #......>##.##.
#...#...#.######....##.##....
#.....####..@....#.###.#####.
#.....#.#.######.......# #.
#.#.#.##.## #####...##.# #.
#.....##.# #..........#####.
#.....##.# #.###...##.....##
#.#.#.##.# #.####.###.###.##
#.....##.# #.##...# #.#.....
#.....##.# #.##.### #.#.#.##
#.#.#.#..# #.##.# #.#.#.#


There were no monsters in sight!


Message History

An endoplasm comes into view.
The endoplasm closely misses you.
The endoplasm hits you but does no damage.
The endoplasm hits you. 😕 HP[-2]
You take 2 damage, and now have 25/27 hp.
You hit the endoplasm. You block the endoplasm's attack.
The endoplasm closely misses you. You furiously retaliate!
You headbutt the endoplasm.
You kill the endoplasm!
Your Axes skill increases to level 3! 😕 HP[+1]
A hobgoblin comes into view.
The hobgoblin shouts! 😎 HP[+1]
Your hp is fully restored (27).
The hobgoblin hits you. 😕 HP[-2]
You take 2 damage, and now have 25/27 hp.
You slash the hobgoblin!
You kill the hobgoblin! 😕 HP[+1]
You now have 19 gold pieces (gained 5). 😎 HP[+1]
Your hp is fully restored (27).
A rat comes into view.
The rat barely misses you.
You closely miss the rat. You headbutt the rat, but do no damage.
You block the rat's attack. The rat bites you but does no damage.
You completely miss the rat. Your headbutt misses the rat.
The rat bites you but does no damage.
You barely miss the rat. You block the rat's attack.
You closely miss the rat. You headbutt the rat. The rat barely misses you.
You furiously retaliate!
You headbutt the rat.
You kill the rat!
A quokka comes into view.
A frilled lizard comes into view.
The frilled lizard hisses angrily.
You block the quokka's attack.
You closely miss the quokka.
The quokka bites you but does no damage.
The quokka misses you.
You barely miss the quokka. Your headbutt misses the quokka.
The quokka barely misses you.
You closely miss the quokka. Your headbutt misses the quokka.
The quokka bites you but does no damage.
The quokka barely misses you.
The frilled lizard bites you but does no damage.
You closely miss the quokka. You barely miss the frilled lizard.
The quokka closely misses you. You block the frilled lizard's attack.
You block the quokka's attack.
You completely miss the quokka. Your headbutt misses the quokka.
You barely miss the frilled lizard. The frilled lizard closely misses you.
The quokka bites you. 😕 HP[-2]
You take 2 damage, and now have 25/27 hp.
You barely miss the frilled lizard. You barely miss the quokka.
The quokka barely misses you. You block the frilled lizard's attack.
The quokka closely misses you. The frilled lizard closely misses you.
You furiously retaliate!
You headbutt the frilled lizard!
You kill the frilled lizard!
You block the quokka's attack. 😕 HP[+1]
You barely miss the quokka. You block the quokka's attack.
The quokka bites you but does no damage.
You slash the quokka!
You kill the quokka! 😎 HP[+1]
Your hp is fully restored (27).
Found a stone staircase leading down.
You see here a +0 robe.
You now have 38 gold pieces (gained 19).
A bat comes into view.
The bat hits you but does no damage. The bat barely misses you.
You slash the bat!
You kill the bat!
Found a stone staircase leading down.
You now have 42 gold pieces (gained 4).
There is a stone staircase leading down here.
A frilled lizard comes into view.
The frilled lizard hisses angrily.
The frilled lizard bites you but does no damage.
You closely miss the frilled lizard.
Your headbutt misses the frilled lizard.
The frilled lizard bites you but does no damage.
You hit the frilled lizard.
You kill the frilled lizard!
There is a stone staircase leading down here.
Saving game... please wait.
Options error: Missing colour in message_colour setting: 'that.*feels deathly cold' Options error: Missing colour in message_colour setting: 'and you must be Full or above to equip it' Options error: Missing colour in message_colour setting: 'but rights himself reflexively soon after' Options error: Missing colour in message_colour setting: 'before it is too late' Welcome back, Darkstone the Minotaur Fighter.
Press ? for a list of commands and other information.
Okay, then.
Are you sure you want to abandon this character and quit the game? (Confirm with "yes".)

Skill      XL: |  1  2 |
---------------+-------+-----
Axes           | 3 |  3.0
Fighting       | |  3.8
Armour         | |  3.8
Dodging        | |  0.7
Shields        | |  3.9

Action                     || total
---------------------------++-------
  Melee: War axe           ||    54
         Headbutt          ||     8
 Armour: Scale mail        ||    30
  Dodge: Dodged            ||    29
  Block: Buckler           ||    16

Levels and vault maps discovered:
D:1:      dpeg_arrival_boxes_within_box, layout_loops_ring,
          shapermc_ecumenical_altar_gd, columned_hall_lemuel

Notes
Turn   | Place    | Note
-------+----------+-------------------------------------------
     0 | D:1      | Darkstone the Minotaur Fighter began the quest for the Orb.
     0 | D:1      | Reached XP level 1. HP: 19/19 MP: 0/0
     0 | D:1      | magus.rc [v1.11.7]
   126 | D:1      | Found a faded altar of an unknown god.
   408 | D:1      | Reached XP level 2. HP: 27/27 MP: 1/1
   623 | D:1      | Reached skill level 3 in Axes
  1012 | D:1      | magus.rc [v1.11.7]
  1012 | D:1      | Quit the game

Vanquished Creatures
  3 endoplasms (D:1)
  2 giant cockroaches (D:1)
  2 hobgoblins (D:1)
  A kobold (D:1)
  2 quokkas (D:1)
  3 bats (D:1)
  5 frilled lizards (D:1)
  A goblin (D:1)
  A rat (D:1)
20 creatures vanquished.

Table legend:
 A = Non-vault XP
 B = Vault XP
 C = Vault XP percentage of total XP
 D = Non-vault monster count
 E = Vault monster count
 F = Vault count percentage of total count
                 A         B        C        D         E       F
            +---------+---------+-------+---------+---------+-------
      Total |      31 |       0 |   0.0 |      20 |       0 |   0.0
            +---------+---------+-------+---------+---------+-------
        D:1 |      31 |       0 |   0.0 |      20 |       0 |   0.0
            +---------+---------+-------+---------+---------+-------

Skill      XL: |  1  2 |
---------------+-------+-----
Axes           | 3 |  3.0
Fighting       | |  3.8
Armour         | |  3.8
Dodging        | |  0.7
Shields        | |  3.9

Action                     || total
---------------------------++-------
  Melee: War axe           ||    54
         Headbutt          ||     8
 Armour: Scale mail        ||    30
  Dodge: Dodged            ||    29
  Block: Buckler           ||    16

Illustrated notes

Table legend:
 A = Kills in this place as a percentage of kills in the entire game.
 B = Kills by you in this place as a percentage of kills by you in the entire game.
 C = Kills by friends in this place as a percentage of kills by friends in the entire game.
 D = Other kills in this place as a percentage of other kills in the entire game.
 E = Experience gained in this place as a percentage of experience gained in the entire game.
 F = Experience gained in this place divided by the number of levels of this place that you have seen.
                   A       B       C       D       E      F
               +-------+-------+-------+-------+-------+----------------------
         Total | 100.0 | 100.0 |   N/A |   N/A | 100.0 |  31.0
       Dungeon | 100.0 | 100.0 |   N/A |   N/A | 100.0 |  31.0
               +-------+-------+-------+-------+-------+----------------------

Table legend: (Time is in decaauts)
 A = Elapsed time spent in this place.
 B = Non-inter-level travel time spent in this place.
 C = Inter-level travel time spent in this place.
 D = Time resting spent in this place.
 E = Time spent auto-exploring this place.
 F = Levels seen in this place.
 G = Mean time per level.
                   A        B        C        D        E       F      G
               +--------+--------+--------+--------+--------+-----+--------+
         Total |   1033 |    685 |    348 |      5 |      0 |   1 | 1033.0 |
       Dungeon |   1033 |    685 |    348 |      5 |      0 |   1 | 1033.0 |
               +--------+--------+--------+--------+--------+-----+--------+

Top non-repeatable levels by time:
     D:1: 1033 daAuts
